 Dungeon Crawl Stone Soup version 0.18-a0-1811-g3a71842 (console) character file.

2307 MenacingMecha the Basher (level 9, 0/61 HPs)
             Began as a Mummy Gladiator on Apr 27, 2016.
             Killed from afar by an electric eel (12 damage)
             ... with a bolt of electricity
             ... on level 8 of the Dungeon.
             The game lasted 00:26:08 (7992 turns).

MenacingMecha the Basher (Mummy Gladiator)          Turns: 7992, Time: 00:26:09

Health: 0/61       AC:  9    Str: 18    XL:     9   Next: 18%
Magic:  9/9        EV: 11    Int:  7    God:
Gold:   454        SH:  0    Dex: 16    Spells: 0 memorised, 8 levels left

rFire  . . .     SeeInvis .     t - +1 whip (venom)
rCold  . . .     Gourm    .     n - +0 scale mail
rNeg   + + +     Faith    .     (no shield)
rPois  ∞         Spirit   .     c - +0 helmet
rElec  .         Dismiss  .     C - +0 cloak "Beysuj" {rCorr} (curse)
rCorr  +         Reflect  .     (no gloves)
SustAt .         Harm     .     A - +0 pair of boots
MR     ++...                    (no amulet)
Stlth  ..........               F - ring of protection from magic
                                q - ring of fire

@: very resistant to hostile enchantments, extremely unstealthy
A: no food or potions, fire vulnerability, cold resistance 1, negative energy
resistance 3, torment resistance, unbreathing
a: no special abilities


You were on level 8 of the Dungeon.
You were not hungry.

You visited 1 branch of the dungeon, and saw 8 of its levels.

You collected 454 gold pieces.

Inventory:

Hand Weapons
 o - a +1 flail of crushing
 r - a +0 morningstar
 t - a +1 whip of venom (weapon)
Missiles
 k - 7 tomahawks (quivered)
Armour
 a - a troll hide
 c - a +0 helmet (worn)
 i - a +3 plate armour of ponderousness
 l - a +0 large shield
 n - a +0 scale mail (worn)
 A - a +0 pair of boots (worn)
 C - the cursed +0 cloak "Beysuj" (worn) {rCorr}
   (You found it on level 6 of the Dungeon)

   It protects you from acid and corrosion.
   It has a curse placed upon it.
Jewellery
 q - a ring of fire (left hand)
 s - an uncursed amulet of dismissal
 F - a ring of protection from magic (right hand)
Wands
 p - a wand of acid (7/15)
 z - a wand of lightning (3/15)
 B - a wand of paralysis (14/24)
 E - a wand of teleportation (2/9)
Scrolls
 b - 5 scrolls of remove curse
 e - 4 scrolls of enchant weapon {unknown}
 f - a scroll of blinking {unknown}
 g - 2 scrolls of fog {unknown}
 h - 4 scrolls of identify
 j - a scroll of enchant armour {unknown}
 m - a scroll of recharging {unknown}
 u - 7 scrolls of teleportation {unknown}
 v - 3 scrolls of noise {unknown}
 w - a scroll of magic mapping {unknown}
 x - a scroll of random uselessness {unknown}
Books
 y - a book of Necromancy

   Spells                             Type                      Level
   a - Pain                           Necromancy                   1
   b - Animate Skeleton               Necromancy                   1
   c - Vampiric Draining              Necromancy                   3
   d - Regeneration                   Charms/Necromancy            3
   e - Animate Dead                   Necromancy                   4
   f - Control Undead                 Necromancy                   4
 D - a book of the Earth

   Spells                             Type                      Level
   a - Leda's Liquefaction            Hexes/Earth                  4
   b - Bolt of Magma                  Conjuration/Fire/Earth       5
   c - Statue Form                    Transmutation/Earth          6
   d - Iron Shot                      Conjuration/Earth            6
   e - Shatter                        Earth                        9


   Skills:
 - Level 2.0 Fighting
 + Level 10.2 Maces & Flails
 - Level 1.5 Throwing
 - Level 1.0 Armour
 - Level 3.3 Dodging


You had 8 spell levels left.
You didn't know any spells.

Dungeon Overview and Level Annotations

Branches:
Dungeon (8/15)             Temple (0/1) D:7            Lair (0/8) D:8

Altars:
Ashenzari
Cheibriados
Elyvilon
Fedhas
Nemelex Xobeh
Pakellas
Qazlal
Ru
Vehumet
Zin

Shops:
D:4 :

Annotations:
D:7 orc warrior


Innate Abilities, Weirdness & Mutations

You do not eat or drink.
Your flesh is vulnerable to fire.
You are immune to poison.
Your flesh is cold resistant.
You are immune to negative energy.
You are immune to unholy pain and torment.
You can survive without breathing.


Message History

The electric eel shoots out a bolt of lightning at you!
The bolt of electricity hits you!
You hit the electric eel.
The electric eel is poisoned.
The electric eel is moderately wounded.
You whack the electric eel!
The electric eel looks even sicker.
The electric eel is severely wounded.
The electric eel shoots out a bolt of lightning at you!
The bolt of electricity hits you!
* * * LOW HITPOINT WARNING * * *
You miss the electric eel.
The electric eel is almost dead.
You whack the electric eel!
You kill the electric eel!
You hear a splash.
The electric eel shoots out a bolt of lightning at you!
The bolt of electricity hits you!
* * * LOW HITPOINT WARNING * * *
The electric eel shoots out a bolt of lightning at you!
The bolt of electricity hits you!
You die...

≈.≈.....≈..##.......##.......#
≈.≈≈≈≈.≈...##.......###.....##
≈≈.≈≈≈≈≈.........#### ##...##
≈≈≈≈≈≈≈≈≈.≈.###### ###.#
≈≈≈≈≈≈≈.≈≈≈.######### #.#
..≈≈≈≈.≈.≈.≈≈≈≈≈.........# #.#
...≈≈≈....≈≈≈≈≈≈.#.#.###.# #.# #
#.≈;≈.≈.>..≈≈≈≈≈.......#.######.# #
...≈≈......≈≈≈≈†.@..............###
...≈≈≈....≈≈≈≈≈≈.#.#..##.#####...##
#..≈≈≈.≈.≈.≈≈≈≈.......##.# ##.###.#
#...≈≈≈≈.≈.≈;≈..##.......# #.#...#.
....≈≈≈≈.≈≈.≈≈.. ####.#### #.#.....
#..≈≈≈≈≈.≈≈≈.... #...# #.#...#.
#..≈≈≈≈≈.≈≈≈≈... #...# ##.#.#..
#.≈.≈≈.≈.≈≈≈≈≈≈. #...# ##.#....#
....≈≈.≈.≈≈≈≈≈..####..)####...###..


You could see an electric eel.

Vanquished Creatures
  A troll (D:8)
  A hippogriff (D:7)
  Menkaure (D:5)
  An ice beast (D:5)
  A necrophage (D:5)
  3 ogres
  A wolf (D:8)
  A centaur (D:6)
  2 giant frogs
  2 scorpions (D:5)
  An electric eel (D:8)
  A jelly (D:5)
  2 orc priests (D:8)
  Crazy Yiuf (D:2)
  11 hounds
  A centaur skeleton (D:7)
  2 orc wizards
  Natasha (D:2)
  3 iguanas
  2 worker ants
  A howler monkey skeleton (D:5)
  13 adders
  4 gnolls (D:8)
  A shadow imp (D:6)
  2 oozes
  2 adder skeletons
  2 worms
  2 dart slugs
  7 giant geckos
  14 orcs
  6 giant cockroaches
  8 goblins
  6 hobgoblins
  11 jackals
  10 kobolds
  A quokka (D:2)
  3 ball pythons
  2 bats (D:2)
  5 giant newts
  A jackal zombie (D:6)
  8 rats
148 creatures vanquished.

Notes
Turn   | Place    | Note
--------------------------------------------------------------
     0 | D:1      | MenacingMecha the Mummy Gladiator began the quest for the Orb.
     0 | D:1      | Reached XP level 1. HP: 16/16 MP: 1/1
   408 | D:1      | Reached XP level 2. HP: 22/22 MP: 2/2
   506 | D:1      | Reached skill level 3 in Maces & Flails
   879 | D:2      | Reached XP level 3. HP: 27/27 MP: 3/3
   951 | D:2      | Found a sparkling altar of Nemelex Xobeh.
  1292 | D:2      | Reached skill level 4 in Maces & Flails
  1292 | D:2      | Reached XP level 4. HP: 28/33 MP: 4/4
  1553 | D:2      | Noticed Crazy Yiuf
  1560 | D:2      | Killed Crazy Yiuf
  1624 | D:2      | Noticed Natasha
  1634 | D:2      | Killed Natasha
  1857 | D:2      | Reached XP level 5. HP: 36/38 MP: 5/5
  2292 | D:3      | Reached skill level 5 in Maces & Flails
  3200 | D:4      | Reached XP level 6. HP: 33/44 MP: 6/6
  3288 | D:4      | Reached skill level 1 in Armour
  3386 | D:4      | Found a sacrificial altar of Ru.
  3470 | D:4      | Found Quk Bori's Book Shoppe.
  3583 | D:4      | Reached skill level 6 in Maces & Flails
  3753 | D:5      | Entered Level 5 of the Dungeon
  3774 | D:5      | Reached XP level 7. HP: 50/50 MP: 7/7
  3938 | D:5      | Found a blossoming altar of Fedhas.
  3980 | D:5      | Found a snail-covered altar of Cheibriados.
  4217 | D:5      | Reached skill level 7 in Maces & Flails
  4459 | D:5      | Noticed Menkaure
  4476 | D:5      | Killed Menkaure
  4951 | D:5      | Reached XP level 8. HP: 56/56 MP: 8/8
  5291 | D:6      | Reached skill level 8 in Maces & Flails
  5434 | D:6      | Found a shattered altar of Ashenzari.
  5627 | D:6      | Got a twisted cloak
  5638 | D:6      | Identified the cursed +0 cloak "Beysuj" {rCorr} (You found it on level 6 of the Dungeon)
  5760 | D:6      | Found a stormy altar of Qazlal.
  5992 | D:6      | Found a glowing silver altar of Zin.
  6092 | D:7      | Found a radiant altar of Vehumet.
  6109 | D:7      | Reached skill level 9 in Maces & Flails
  6414 | D:7      | Found a staircase to the Ecumenical Temple.
  6749 | D:7      | You fall through a shaft!
  6749 | D:8      | Found a white marble altar of Elyvilon.
  7132 | D:8      | Found a staircase to the Lair.
  7156 | D:8      | Noticed a troll
  7420 | D:8      | Found an oddly glowing altar of Pakellas.
  7455 | D:8      | Reached XP level 9. HP: 47/61 MP: 9/9
  7929 | D:8      | Killed a troll
  7929 | D:8      | Reached skill level 10 in Maces & Flails
  7992 | D:8      | Killed from afar by an electric eel

Vault maps used:
D:1:      onia_arrival_mini_spirals, minmay_misc_feat_alley
D:2:      nemelex_xobeh_ov_fountains_minmay, minivault_27, grunt_ministairs_8,
          minmay_joined_circles, uniq_natasha, uniq_crazy_yiuf_cottage
D:3:      kennysheep_six_static_rooms
D:4:      nicolae_ru_the_path_less_chosen, serial_shops,
          nicolae_shop_temple_entry_statues_fountains, first_bread
D:5:      kennysheep_mini_moat, kennysheep_mini, kennysheep_small_circle,
          uniq_menkaure
D:6:      ashenzari_altar_1, lemuel_crystal_altar, marbit_many_paths
D:7:      yredelemnul_altar_generic, led_sif_book, vehumet_crystals,
          lemuel_coloured_pillars_altar, minmay_temple_entry_from_below_a
D:8:      grunt_pakellas_basics, elyvilon_altar_5, erik_lair_island

Skill      XL: |  1  2  3  4  5  6  7  8  9 |
---------------+----------------------------+-----
Maces & Flails | 3 4 5 6 7 9 10 | 10.2
Armour         | 1 |  1.0
Dodging        | 3 |  3.3
Fighting       | |  2.0
Throwing       | |  1.5

Action                   |  1- 3 |  4- 6 |  7- 9 || total
-------------------------+-------+-------+-------++-------
Melee: Flail             |   108 |   102 |       ||   210
       Morningstar       |       |    54 |       ||    54
       Whip              |       |    73 |   334 ||   407
Throw: Throwing net      |       |     5 |     2 ||     7
  Use: Scroll            |       |     1 |     3 ||     4
 Stab: Held in net/web   |       |     2 |       ||     2
Armor: Leather armour    |    36 |       |       ||    36
       Scale mail        |       |    91 |    76 ||   167
Dodge: Dodged            |    94 |   102 |   120 ||   316
